 Dungeon Crawl Stone Soup version 0.23.1 (webtiles) character file.

Game seed: 10454849433025319592

220 Monsterracer the Firebug (level 5, -5/38 HPs)
             Began as a Demigod Fire Elementalist on Mar 17, 2019.
             Slain by an orc
             ... wielding a +0 trident
              (8 damage)
             ... on level 7 of the Dungeon.
             The game lasted 00:03:43 (2578 turns).

Monsterracer the Firebug (DgFE)                     Turns: 2578, Time: 00:03:43

Health: -5/38      AC:  3    Str: 15    XL:     5   Next: 37%
Magic:  0/12       EV: 12    Int: 21    God:
Gold:   118        SH:  0    Dex: 16    Spells: 1/9 levels left

rFire    + . .     SeeInvis .   k - +0 short sword
rCold    x . .     Gourm    .   (no shield)
rNeg     . . .     Faith    .   a - +0 robe
rPois    .         Spirit   .   (no helmet)
rElec    .         Reflect  .   (no cloak)
rCorr    .         Harm     .   n - +0 pair of gloves
MR       .....                  (no boots)
Stlth    ++........             (no amulet)
HPRegen  0.12/turn              b - ring of fire
MPRegen  0.13/turn              t - +4 ring of strength

@: no status effects
A: high mp 1
a: no special abilities


You were on level 7 of the Dungeon.
You were not hungry.

You visited 1 branch of the dungeon, and saw 7 of its levels.

You collected 118 gold pieces.


Innate Abilities, Weirdness & Mutations

You have an increased reservoir of magic. (+10% MP)


   Skills:
 - Level 1.7 Dodging
 - Level 1.7 Stealth
 + Level 2.7 Spellcasting
 * Level 3.2 Conjurations
 * Level 4.2 Fire Magic


You had one spell level left.
You knew the following spells:

 Your Spells              Type           Power        Failure   Level  Hunger
a - Flame Tongue          Conj/Fire      ####.        3%          1    None
b - Conjure Flame         Conj/Fire      ####....     9%          3    ###....
c - Sticky Flame          Conj/Fire      ####....     30%         4    ####...

Your spell library contained the following spells:

 Spells                   Type           Power        Failure   Level  Hunger
 Throw Flame              Conj/Fire      ####..       4%          2    ##.....
 Inner Flame              Hex/Fire       ###.....     17%         3    ###....
 Fireball                 Conj/Fire      ####......   63%         5    ######.

Inventory:

Hand Weapons
 k - a +0 short sword (weapon)
   (You took it off a kobold on level 2 of the Dungeon)
Armour
 a - a +0 robe (worn)
 n - a +0 pair of gloves (worn)
   (You found it on level 2 of the Dungeon)
Jewellery
 b - a ring of fire (left hand)
   (You found it on level 2 of the Dungeon)
 o - an uncursed ring of flight
   (You found it on level 2 of the Dungeon)
 t - a +4 ring of strength (right hand)
   (You found it on level 3 of the Dungeon)
 S - an uncursed ring of see invisible
   (You found it on level 3 of the Dungeon)
Scrolls
 d - a scroll of amnesia {unknown}
 f - 2 scrolls of identify {unknown}
 i - 2 scrolls of noise {unknown}
 l - 2 scrolls of fear {unknown}
 q - a scroll of magic mapping {unknown}
Potions
 g - a potion of might {unknown}
 h - 2 potions of haste
 j - a potion of invisibility {unknown}
 m - a potion of mutation {unknown}
 p - a potion of cancellation {unknown}
 r - a potion of lignification {unknown}
 s - a potion of flight {unknown}
Comestibles
 c - 4 rations

Dungeon Overview and Level Annotations

Branches:
Dungeon (7/15)
 Temple: D:4-7

#### o.# #)#
##@# #.J#
#.#########
##..........
#...<.......
#.........J...
.h...##.........
.###. #......h..
#. .#####..##


You could see a jelly and an orc.


Message History

Found a metallic orange potion.
Found a stone staircase leading down.
Found a ring mail.
There is a stone staircase leading down here.
You climb downwards.
An iguana comes into view.
The iguana hisses angrily.
Found a murky pink potion and 19 gold pieces.
There is a stone staircase leading up here.
Found 10 gold pieces.
There is a shaft here.
Really dive through this shaft in the floor?
You fall through a shaft!
The shaft crumbles and collapses.
An ogre comes into view. It is wielding a +0 giant spiked club.
Your extra speed is starting to run out.
Found a stone staircase leading down.
Unknown command.
A worker ant zombie comes into view.
Found a ring mail.
There is a stone staircase leading down here.
You climb downwards.
A hound, a black bear, a jelly and a worker ant come into view.
The jelly quivers.
There is a stone staircase leading up here.
An orc priest comes into view. It is wielding a +0 club.
The orc priest shouts!
You hear a shout! x2
An orc comes into view. It is wielding a +0 mace.
You hear a shout!
You feel yourself slow down.
You hear a shout!
Casting: Flame Tongue (safe; 3% risk of failure)
Confirm with . or Enter, or press ? or * to list all spells.
Aiming: Flame Tongue (safe; 3% risk of failure)
Press: ? - help, Shift-Dir - straight line, f - orc
Aim: an orc, wielding a +0 mace You feel a surge of power!
The flame tongue hits the orc.
The orc is severely wounded.
The orc hits you with a +0 mace.
* * * LOW HITPOINT WARNING * * *
You take 3 damage, and have 6/38 hp.
You now have 4/11 mp.
Unknown command.
Casting: Flame Tongue (safe; 3% risk of failure)
Confirm with . or Enter, or press ? or * to list all spells.
Aiming: Flame Tongue (safe; 3% risk of failure)
Press: ? - help, Shift-Dir - straight line, f/p - orc
Aim: an orc, wielding a +0 mace (severely wounded)
You feel a surge of power!
The flame tongue hits the orc!
You kill the orc!
You now have 3/11 mp.
Casting: Flame Tongue (safe; 3% risk of failure)
Confirm with . or Enter, or press ? or * to list all spells.
You don't have enough magic to cast that spell.
Unknown command.
Casting: Flame Tongue (safe; 3% risk of failure)
Confirm with . or Enter, or press ? or * to list all spells.
Aiming: Flame Tongue (safe; 3% risk of failure)
Press: ? - help, Shift-Dir - straight line, f - orc priest
Aim: an orc priest, wielding a +0 club You feel a surge of power!
The flame tongue hits the orc priest.
The orc priest is moderately wounded.
An orc comes into view. It is wielding a +0 trident.
The orc priest hits you with a +0 club.
* * * LOW HITPOINT WARNING * * *
You take 5 damage, and have 1/38 hp.
You now have 2/11 mp.
Casting: Flame Tongue (safe; 3% risk of failure)
Confirm with . or Enter, or press ? or * to list all spells.
Aiming: Flame Tongue (safe; 3% risk of failure)
Press: ? - help, Shift-Dir - straight line, f/p - orc priest
Aim: an orc priest, wielding a +0 club (moderately wounded)
You feel a surge of power!
The flame tongue hits the orc priest but does no damage.
The orc priest is moderately wounded.
The orc misses you.
The orc priest hits you but does no damage.
You feel better.
The orc hits you from afar with a +0 trident!
* * * LOW HITPOINT WARNING * * *
The orc priest closely misses you.
You regained 2 hp, and now have 3/38 hp.
Unknown command.
Casting: Flame Tongue (safe; 3% risk of failure)
Confirm with . or Enter, or press ? or * to list all spells.
Aiming: Flame Tongue (safe; 3% risk of failure)
Press: ? - help, Shift-Dir - straight line, f/p - orc priest
Aim: an orc priest, wielding a +0 club (moderately wounded)
You feel a surge of power!
The flame tongue hits the orc priest.
The orc priest is heavily wounded.
The orc closely misses you. The orc priest misses you.
You now have 1/11 mp.
Casting: Flame Tongue (safe; 3% risk of failure)
Confirm with . or Enter, or press ? or * to list all spells.
Aiming: Flame Tongue (safe; 3% risk of failure)
Press: ? - help, Shift-Dir - straight line, f/p - orc priest
Aim: an orc priest, wielding a +0 club (heavily wounded)
You feel a surge of power!
The flame tongue hits the orc priest.
You kill the orc priest!
The jelly closely misses you.
The orc hits you from afar with a +0 trident!
You die...

Skill      XL: |  1  2  3  4 |
---------------+-------------+-----
Conjurations   | 1 2 3 |  3.2
Fire Magic     | 3 4 |  4.2
Spellcasting   | 2 |  2.7
Dodging        | |  1.7
Stealth        | |  1.7

Action                   |  1- 3 |  4- 6 || total
-------------------------+-------+-------++-------
Melee: Dagger            |    18 |       ||    18
       Unarmed           |     1 |       ||     1
       Short sword       |     7 |    27 ||    34
 Cast: Flame Tongue      |    52 |    32 ||    84
  Use: Potion            |       |     3 ||     3
 Stab: Sleeping          |     2 |       ||     2
  Eat: Chunk             |     2 |       ||     2
       Ration            |       |     1 ||     1
Armor: Robe              |    12 |    11 ||    23
Dodge: Dodged            |    25 |    36 ||    61

Levels and vault maps discovered:
D:1:      scummos_arrival_gate, layout_loops_cross, minmay_parallelograms,
          minmay_hexomino_f4
D:2:      layout_basic, old_standard_altar, grunt_temple_overflow_open
D:3:      layout_basic, grunt_temple_overflow_order_and_chaos_2, led_xom_imps,
          st_stairs_3, minivault_26
D:4:      layout_cave_pods, lemuel_round_altar, first_ration, minmay_crossroads
D:5:      layout_cave_pools, nicolae_dithmenos_through_a_glass_darkly
D:6:      layout_basic, minmay_temple_entry_waves, basic_altar
D:7:      layout_rooms, vehumet_altar_wand_db

Notes
Turn   | Place    | Note
-------+----------+-------------------------------------------
     0 | D:1      | Monsterracer the Demigod Fire Elementalist began the quest
                  | for the Orb.
     0 | D:1      | Reached XP level 1. HP: 14/14 MP: 5/5
    46 | D:1      | Reached skill level 1 in Conjurations
   397 | D:1      | Reached XP level 2. HP: 20/20 MP: 4/7
   500 | D:1      | Reached skill level 3 in Fire Magic
  1118 | D:2      | Found a bloodstained altar of Trog.
  1130 | D:2      | Found an ornate altar of the Wu Jian Council.
  1317 | D:2      | Reached XP level 3. HP: 26/26 MP: 6/8
  1322 | D:2      | Learned a level 3 spell: Conjure Flame
  1397 | D:2      | Found a deep blue altar of Sif Muna.
  1896 | D:2      | Noticed an ice beast
  1905 | D:2      | Killed an ice beast
  1905 | D:2      | Reached XP level 4. HP: 33/33 MP: 0/10
  1911 | D:2      | Learned a level 4 spell: Sticky Flame
  2374 | D:3      | Found a shimmering altar of Xom.
  2484 | D:4      | Found a glowing golden altar of the Shining One.
  2491 | D:4      | Reached skill level 4 in Fire Magic
  2507 | D:4      | HP: 10/33 [orc priest/divine providence (11)]
  2510 | D:4      | HP: 2/33 [orc priest/+0 mace (7)]
  2515 | D:4      | Reached XP level 5. HP: 6/38 MP: 0/11
  2515 | D:4      | HP: 5/38 [bullfrog skeleton (1)]
  2552 | D:5      | Entered Level 5 of the Dungeon
  2562 | D:5      | You fall through a shaft!
  2562 | D:6      | Noticed an ogre
  2567 | D:7      | Noticed a black bear
  2572 | D:7      | HP: 6/38 [orc/+0 mace (4)]
  2574 | D:7      | HP: 1/38 [orc priest/+0 club (5)]
  2578 | D:7      | Slain by an orc

Vanquished Creatures
  An ice beast (D:2)
  2 orc priests (D:4 D:7)
  An adder (D:3)
  2 worms (D:2)
  A dart slug (D:1)
  5 orcs (D:4 D:7)
  3 giant cockroaches (D:1 D:2)
  6 goblins (D:1 D:2)
  2 hobgoblins (D:1)
  4 jackals (D:3)
  A quokka (D:2)
  A ball python (D:1)
  7 bats (D:1 D:2)
  7 frilled lizards (D:1 D:2 D:4)
  7 kobolds (D:1 D:2 D:3)
  5 rats (D:1 D:3)
55 creatures vanquished.

Table legend:
 A = Turns spent in this place as a percentage of turns spent in the entire game.
 B = Non-inter-level travel turns spent in this place as a percentage of non-inter-level travel turns spent in the entire game.
 C = Inter-level travel turns spent in this place as a percentage of turns spent in this place.
 D = Turns resting spent in this place as a percentage of non-inter-level travel turns spent in this place.
 E = Turns spent auto-exploring this place as a percentage of non-inter-level travel turns spent in this place.
 F = Non-inter-level travel turns spent in this place divided by the number of levels of this place that you've seen.
                   A       B       C       D       E      F
               +-------+-------+-------+-------+-------+----------------------
         Total | 100.0 | 100.0 |   2.6 |   0.0 |  82.9 | 358.7
       Dungeon | 100.0 | 100.0 |   2.6 |   0.0 |  82.9 | 358.7
               +-------+-------+-------+-------+-------+----------------------

Table legend:
 A = Non-vault XP
 B = Vault XP
 C = Vault XP percentage of total XP
 D = Non-vault monster count
 E = Vault monster count
 F = Vault count percentage of total count
                 A         B        C        D         E       F
            +---------+---------+-------+---------+---------+-------
      Total |     310 |       5 |   1.6 |      51 |       4 |   7.3
            +---------+---------+-------+---------+---------+-------
        D:1 |      30 |       5 |  14.3 |      20 |       4 |  16.7
        D:2 |     158 |       0 |   0.0 |      16 |       0 |   0.0
        D:3 |      24 |       0 |   0.0 |       7 |       0 |   0.0
        D:4 |      54 |       0 |   0.0 |       6 |       0 |   0.0
        D:7 |      44 |       0 |   0.0 |       2 |       0 |   0.0
            +---------+---------+-------+---------+---------+-------
